 Dungeon Crawl Stone Soup version 0.27.0-1-g7a089689b8 (webtiles) character file.

Game seed: 9134875882395934455

198722 ZARRMARR the Schismatic (level 17, -11/141 HPs)
             Began as a Demonspawn Abyssal Knight on Aug 14, 2021.
             Was an Elder of Lugonu.
             Killed by the raging water
             ... invoked by a water nymph
             ... summoned by Heh's ghost
              (18 damage)
             ... on level 3 of the Shoals on Aug 15, 2021.
             The game lasted 05:59:21 (37657 turns).

ZARRMARR the Schismatic (DsAK)                     Turns: 37657, Time: 05:59:22

Health: -11/141    AC: 26    Str: 13    XL:     17   Next: 82%
Magic:  28/28      EV: 17    Int: 18    God:    Lugonu [****..]
Gold:   3178       SH:  0    Dex: 15    Spells: 16/16 levels left

rFire    . . .     SeeInvis .   c - +9 quick blade "Beetlebane" {vorpal, +Blink Will+ Str-3 Int+3}
rCold    . . .     Faith    .   (no shield)
rNeg     . . .     Spirit   .   F - +0 steam dragon scales
rPois    .         Reflect  .   m - +0 helmet
rElec    .         Harm     .   b - +2 cloak "Cyic" {Stlth+}
rCorr    .         Rampage  .   (gloves unavailable)
Will     ++...                  (no boots)
Stlth    +++.......             r - amulet of regeneration
HPRegen  1.33/turn              E - ring of flight
MPRegen  0.21/turn              t - +4 ring of protection

@: confused, ambrosia-drunk, spiked, unable to read, flying
A: claws 3, molten scales 2, icemail 2, powered by death 2, robust 1,
condensation shield, inability to read while threatened
}: 1/15 runes: gossamer
a: Renounce Religion, Evoke Blink, Depart the Abyss, Bend Space, Banish, Corrupt


You were on level 3 of the Shoals.
You worshipped Lugonu.
Lugonu was greatly pleased with you.
You visited 5 branches of the dungeon, and saw 29 of its levels.
You visited the Abyss 6 times.

You collected 3178 gold pieces.

Inventory:

Hand Weapons
 c - the +9 quick blade "Beetlebane" (weapon) {vorpal, +Blink Will+ Str-3 Int+3}
   (You acquired it on level 2 of the Dungeon)

   It inflicts extra damage upon your enemies.
   Str:       It affects your strength (-3).
   Int:       It affects your intelligence (+3).
   +Blink:    It lets you blink.
   Will:      It increases your willpower.
 j - the +5 great sword "Rout" {elec, +Blink}
   (You found it on level 3 of the Spider Nest)

   It occasionally discharges a powerful burst of electricity upon striking a
   foe.
   +Blink:    It lets you blink.
 T - the +3 hunting sling of Tyabucs {flame, rN++}
   (You found it on level 2 of the Lair of Beasts)

   Any ammunition fired from it burns those it strikes, dealing additional fire
   damage.
   rN:        It greatly protects you from negative energy.
 W - the +11 dagger of Xehum {flame, Will+}
   (You found it on level 2 of the Lair of Beasts)

   It burns those it strikes, dealing additional fire damage.
   Will:      It increases your willpower.
Missiles
 o - 3 throwing nets
 x - 57 poisoned darts (quivered)
 C - 24 boomerangs
 N - 5 javelins
 V - 190 sling bullets
Armour
 b - the +2 cloak "Cyic" (worn) {Stlth+}
   (You found it on level 7 of the Dungeon)

   Stlth:     It makes you more stealthy.
 m - a +0 helmet (worn)
 y - the +0 ring mail of Odghysus {Str+6}
   (You found it on level 1 of the Shoals)

   Str:       It affects your strength (+6).
 F - +0 steam dragon scales (worn)
 H - the +0 chain mail "Ruqameso" {Dex+2 Stlth+}
   (You acquired it on level 2 of the Spider Nest)

   Dex:       It affects your dexterity (+2).
   Stlth:     It makes you more stealthy.
 O - the +7 gold dragon scales of the Battered Lies {rPois rF+ rC+ rN+++ Str+5 Int-3 Dex-4}
   (You acquired it on level 1 of the Abyss)

   Str:       It affects your strength (+5).
   Int:       It affects your intelligence (-3).
   Dex:       It affects your dexterity (-4).
   rF:        It protects you from fire.
   rC:        It protects you from cold.
   rPois:     It protects you from poison.
   rN:        It renders you almost immune to negative energy.
Jewellery
 g - a +4 ring of evasion
 r - an amulet of regeneration (around neck)
 t - a +4 ring of protection (right claw)
 z - the ring "Xoawoc" {+Blink rPois}
   (You found it on level 11 of the Dungeon)

   [ring of poison resistance]

   rPois:     It protects you from poison.
   +Blink:    It lets you blink.
 E - a ring of flight (left claw)
 X - the ring of the Komtur {Fire +Blink rN+ Str-2}
   (You found it on level 4 of the Lair of Beasts)

   [ring of fire]

   It enhances your fire magic.
   Str:       It affects your strength (-2).
   rF:        It protects you from fire.
   rC:        It makes you vulnerable to cold.
   rN:        It protects you from negative energy.
   +Blink:    It lets you blink.
Wands
 k - a wand of mindburst (42)
 n - a wand of digging (15)
 v - a wand of flame (91)
 A - a wand of charming (8)
 I - a wand of acid (22)
 K - a wand of iceblast (25)
 Q - a wand of paralysis (7)
Scrolls
 d - 5 scrolls of brand weapon
 e - a scroll of teleportation
 p - 4 scrolls of enchant armour
 q - 4 scrolls of blinking
 u - 5 scrolls of enchant weapon
 D - 2 scrolls of fear
 J - 2 scrolls of identify
 P - a scroll of amnesia
 R - 4 scrolls of magic mapping
 U - 3 scrolls of summoning
Potions
 f - 4 potions of magic
 h - 17 potions of curing
 s - 4 potions of mutation
 w - 7 potions of brilliance
 B - 2 potions of attraction
 G - a potion of resistance
 L - 2 potions of invisibility
 Z - 3 potions of cancellation
Miscellaneous
 a - a phial of floods
 l - a phantom mirror
 S - a box of beasts (inert)
 Y - a lightning rod (4/4)


   Skills:
 + Level 10.5 Fighting
 - Level 10.0 Short Blades
 - Level 3.0 Maces & Flails
 + Level 12.8 Throwing
 * Level 7.7 Armour
 * Level 9.9 Dodging
 * Level 14.1 Stealth
 * Level 15.7 Invocations
 * Level 12.6 Evocations


You had 16 spell levels left.
You didn't know any spells.
Your spell library contained the following spells:

 Spells                   Type           Power      Damage    Failure   Level
 Animate Skeleton         Necr           0%         N/A       22%         1
 Apportation              Tloc           0%         N/A       22%         1
 Corona                   Hex            0%         N/A       22%         1
 Shock                    Conj/Air       0%         1d3       22%         1
 Summon Small Mammal      Summ           0%         N/A       22%         1
 Blink                    Tloc           N/A        N/A       32%         2
 Ensorcelled Hibernation  Hex/Ice        0%         N/A       32%         2
 Passwall                 Tmut/Erth      0%         N/A       32%         2
 Slow                     Hex            0%         N/A       32%         2
 Call Canine Familiar     Summ           0%         N/A       54%         3
 Confusing Touch          Hex            0%         N/A       54%         3
 Lesser Beckoning         Tloc           0%         N/A       54%         3
 Spider Form              Tmut/Pois      0%         N/A       54%         3
 Summon Guardian Golem    Hex/Summ       0%         N/A       54%         3
 Swiftness                Air            0%         N/A       54%         3
 Airstrike                Air            0%         N/A       91%         4
 Hailstorm                Conj/Ice       0%         3d3       91%         4
 Ice Form                 Ice/Tmut       0%         N/A       91%         4
 Summon Lightning Spire   Summ/Air       0%         N/A       91%         4
 Alistair's Intoxication  Tmut/Pois      0%         N/A       99%         5
 Lightning Bolt           Conj/Air       0%         1d11      99%         5
 Manifold Assault         Tloc           0%         N/A       99%         5
 Yara's Violent Unravell  Hex/Tmut       0%         3d3       99%         5
 Invisibility             Hex            0%         N/A       100%        6
 Shadow Creatures         Summ           N/A        N/A       100%        6
 Simulacrum               Ice/Necr       0%         N/A       100%        6
 Storm Form               Tmut/Air       0%         N/A       100%        7
 Maxwell's Capacitive Co  Air            0%         ∞         100%        8


Dungeon Overview and Level Annotations

Branches:
Dungeon (14/15)            Temple (0/1) D:4            Lair (6/6) D:8
 Shoals (3/4) Lair:3       Spider (4/4) Lair:2        Slime (0/5) Lair:5
    Orc (2/2) D:11            Elf (0/3) Orc:2        Vaults (0/5) D:14

Altars:
Cheibriados
Fedhas
Hepliaklqana
Nemelex Xobeh
Okawaru
Uskayaw
Xom
Beogh

Shops:
D:5 !   Orc:1 !(=   Orc:2 ([[*:   Shoals:2 **

Annotations:
Shoals:3 Heh's ghost, adept DsGl


Innate Abilities, Weirdness & Mutations

You have claws for hands.
You are mostly covered in molten scales. (AC +3)
A meltable icy envelope protects you from harm. (AC +8)
You regenerate health from kills.
You are robust. (+10% HP)
A meltable shield of frost defends you. (SH +4)
You sometimes lose the ability to read scrolls when taking damage.


Message History

You can't go up here!
You can't go down here!
You fail to use your ability.
The water nymph misses you. The snapping turtle closely misses you.
You blink.
The manticore flicks its tail.
The volley of spikes hits you!
The barbed spikes become lodged in your body.
* * * LOW HITPOINT WARNING * * *
The water nymph casts a spell at you. The water rises up and strikes you!!
* * * LOW HITPOINT WARNING * * *
You open the lid... ...and a juvenile weirdsting beast leaps out!
The box is emptied!
The white imp gestures at you. The puff of frost misses you.
The puff of frost hits your juvenile weirdsting beast!
The manticore flicks its tail.
You block the volley of spikes.
The barbs in your skin will harm you if you move.
Continue?
Okay, then.
You are confused.
You feel invigorated.
The manticore flicks its tail.
The volley of spikes hits you!
The barbed spikes become lodged in your body.
* * * LOW HITPOINT WARNING * * *
Okay, then.
Unknown command.
You are more confused.
You feel more invigorated. The white imp gestures at you.
The puff of frost hits you but does no damage.
The snapping turtle barely misses you.
The manticore flicks its tail.
The volley of spikes misses you.
The water nymph points at you and mumbles some strange words.
The water rises up and strikes you!!
You die...

≈≈≈≈≈≈≈≈≈tP#P.≈P≈#t≈≈#
≈≈≈≈≈≈≈≈..##.....#kH5#
≈≈≈≈≈≈≈..###.....#.W≈#
≈≈≈≈≈≈≈.## #######::$#
≈≈≈≈≈≈>..#######.#####
≈≈≈≈≈≈....##...P..≈≈≈
≈≈≈≈≈≈≈5.H........≈≈≈
≈≈≈≈≈≈≈...≈≈.....$?≈.
≈≈≈≈≈≈H@.t...≈..≈≈≈≈.
≈≈≈≈≈≈≈≈≈≈≈m≈≈.≈≈≈≈≈.
≈≈≈≈≈≈≈≈≈≈≈≈≈≈≈....≈.
≈≈≈≈≈≈≈≈≈≈########...
≈≈≈≈≈≈≈≈≈≈# ..
≈≈≈≈≈≈≈≈≈≈#
≈≈≈≈≈≈≈≈≈≈#
≈≈≈≈≈≈≈≈≈≈#


You could see a snapping turtle (summoned), a manticore (summoned), a water
nymph (summoned), a white imp (summoned, ally target) and a friendly juvenile
weirdsting beast (summoned).

Vanquished Creatures
  Bai Suzhen (Spider:3)
  Nikola (Shoals:1)
  Arachne (Spider:3)
  Polyphemus (Shoals:1)
  Frances (D:14)
  Kirke (Lair:6)
  A fire giant (D:13)
  An orc warlord (Orc:1)
  6 emperor scorpions (Spider:4)
  7 ghost moths
  A deep elf annihilator (D:11)
  2 entropy weavers (Spider:4)
  4 merfolk impalers
  5 boulder beetles
  8 vault guards (D:14)
  Erolcha (D:11)
  5 catoblepae
  11 hydras
  5 centaur warriors
  2 merfolk aquamancers (Shoals:2)
  A merfolk avatar (Shoals:1)
  7 two-headed ogres
  2 death knights
  13 death yaks
  3 orc high priests (Orc:2)
  A tengu warrior (D:13)
  2 satyrs
  A deep troll shaman (Lair:6)
  A thrashing horror (Abyss:1)
  Nergalle (Lair:4)
  A deep elf knight (D:14)
  2 skeletal warriors
  7 sea snakes
  A wizard (D:12)
  A lindwurm (Lair:6)
  An orb spider (shapeshifter) (D:13)
  A phantasmal warrior (D:11)
  2 deep elf pyromancers (D:12)
  5 orc knights
  5 oklob plants
  20 wolf spiders
  4 cyclopes
  18 orb spiders
  6 orc sorcerers
  2 moths of wrath
  6 fauns (Shoals:2)
  4 manticores
  7 ugly things
  7 elephants
  6 water nymphs
  3 merfolk sirens
  2 torpor snails
  20 cane toads
  6 black mambas
  A cane toad (shapeshifter) (D:13)
  A gargoyle (D:12)
  An unseen horror (D:11)
  2 kobold demonologists
  5 rime drakes
  13 komodo dragons
  15 demonic crawlers
  2 freezing wraiths
  22 jumping spiders
  A tengu conjurer (D:13)
  8 trolls
  5 wind drakes
  3 polar bears
  12 merfolk
  Grinder (D:6)
  8 dream sheep
  2 hornets
  3 blink frogs (Lair:1)
  A meliai zombie (D:11)
  A slime creature (D:11)
  2 snapping turtles
  4 wyverns
  39 redbacks
  59 yaks
  A shadow (D:13)
  29 tarantellas
  8 water elementals (Shoals:2)
  3 vampires
  5 basilisks
  4 wraiths
  A hog (Lair:6)
  2 steam dragons
  A chaos spawn (Abyss:1)
  6 vampire mosquitoes
  Grum (D:11)
  A warg (D:11)
  An acid dragon (D:11)
  16 water moccasins
  Duvessa (D:6)
  4 black bears
  2 ice beasts
  42 orc warriors
  An ogre (D:10)
  23 wolves
  17 centaurs
  3 phantoms
  14 bullfrogs
  Blork the orc (D:6)
  A kobold brigand (D:8)
  5 scorpions
  A wyvern zombie (D:8)
  A small abomination (Abyss:1)
  Dowan (D:6)
  3 killer bees (D:8)
  A howler monkey (D:12)
  2 electric eels (Lair:2)
  2 lava snakes (D:13)
  A centaur zombie (D:9)
  A bullfrog zombie (D:5)
  2 hounds
  5 jellies
  30 orc priests
  A bullfrog skeleton (D:5)
  5 iguanas
  25 orc wizards
  Natasha (D:3)
  2 hound skeletons
  Robin (D:3)
  6 adders
  2 shadow imps (D:6)
  2 white imps
  5 worms
  A dart slug (D:1)
  109 orcs
  7 endoplasms
  8 giant cockroaches
  13 goblins
  7 hobgoblins
  12 jackals
  12 kobolds
  5 ball pythons
  4 bats
  2 frilled lizards
  5 rats
  A butterfly (Lair:2)
924 creatures vanquished.

Vanquished Creatures (collateral kills)
  A catoblepas (Lair:5)
  An orb spider (Spider:4)
  A cyclops (Shoals:1)
  A water nymph (Shoals:1)
  A merfolk (Shoals:1)
  2 dream sheep (Shoals:1)
7 creatures vanquished.

Vanquished Creatures (others)
  2 humans (Lair:6)
  23 fungi
  117 plants
142 creatures vanquished.

Grand Total: 1073 creatures vanquished

Notes
Turn   | Place    | Note
-------+----------+-------------------------------------------
     0 | Abyss:1  | ZARRMARR the Demonspawn Abyssal Knight began the quest for
                  | the Orb.
     0 | Abyss:1  | Reached XP level 1. HP: 18/18 MP: 2/2
    49 | Abyss:1  | Noticed a large abomination
    55 | Abyss:1  | Noticed an ancient zyme
    56 | D:1      | Escaped the Abyss
   496 | D:1      | Gained mutation: You regenerate a little health from kills.
                  | [demonic ancestry]
   496 | D:1      | Reached XP level 2. HP: 24/24 MP: 3/3
  1060 | D:2      | Found a faded altar of an unknown god.
  1182 | D:2      | Reached * piety under Lugonu
  1192 | D:2      | Gained mutation: A meltable shield of frost defends you.
                  | (SH +4) [demonic ancestry]
  1192 | D:2      | Reached XP level 3. HP: 29/29 MP: 4/4
  1272 | D:2      | Reached skill level 1 in Dodging
  1701 | D:2      | Identified a scroll of acquirement
  1701 | D:2      | Acquired the +9 quick blade "Beetlebane" {vorpal, +Blink
                  | Will+ Str-3 Int+3}
  1797 | D:3      | Gained mutation: You regenerate health from kills. [demonic
                  | ancestry]
  1797 | D:3      | Reached XP level 4. HP: 30/35 MP: 5/5
  1955 | D:3      | Reached skill level 1 in Evocations
  2066 | D:3      | Reached ** piety under Lugonu
  2073 | D:3      | Reached skill level 1 in Short Blades
  2516 | D:3      | Reached XP level 5. HP: 28/41 MP: 7/7
  2521 | D:3      | Reached skill level 3 in Invocations
  2652 | D:3      | Noticed Robin
  2659 | D:3      | Killed Robin
  2660 | D:3      | Reached skill level 1 in Stealth
  2782 | D:3      | Noticed Natasha
  2788 | D:3      | Killed Natasha
  2789 | D:3      | Reached skill level 1 in Throwing
  3216 | D:4      | Gained mutation: You have sharp fingernails. [demonic
                  | ancestry]
  3216 | D:4      | Reached XP level 6. HP: 35/48 MP: 8/8
  3425 | D:4      | Found a shimmering altar of Xom.
  3482 | D:4      | Found a staircase to the Ecumenical Temple.
  3830 | D:5      | Entered Level 5 of the Dungeon
  3936 | D:5      | Noticed an ice beast
  3957 | D:5      | Killed an ice beast
  3958 | D:5      | Reached skill level 4 in Invocations
  3959 | D:5      | Gained mutation: A meltable icy envelope protects you from
                  | harm. (AC +8) [demonic ancestry]
  3959 | D:5      | Reached XP level 7. HP: 53/53 MP: 8/10
  3980 | D:5      | Found Impilud's Distillery.
  4058 | D:5      | Noticed a wyvern
  4068 | D:5      | Killed a wyvern
  4124 | D:5      | Reached skill level 5 in Invocations
  4197 | D:5      | Reached *** piety under Lugonu
  4641 | D:6      | Noticed Grinder
  4654 | D:6      | Killed Grinder
  4655 | D:6      | Gained mutation: You have very sharp fingernails. [demonic
                  | ancestry]
  4655 | D:6      | Reached XP level 8. HP: 45/60 MP: 10/12
  4949 | D:6      | Noticed Blork the orc
  4953 | D:6      | Killed Blork the orc
  4972 | D:6      | Noticed Dowan
  4973 | D:6      | Noticed Duvessa
  4987 | D:6      | Killed Duvessa
  4990 | D:6      | Killed Dowan
  5134 | D:6      | Reached skill level 6 in Invocations
  5425 | D:6      | Found a blossoming altar of Fedhas.
  5803 | D:7      | Gained mutation: You are partially covered in molten
                  | scales. (AC +2) [demonic ancestry]
  5803 | D:7      | Reached XP level 9. HP: 66/66 MP: 13/13
  6022 | D:7      | Noticed an orc sorcerer
  6034 | D:7      | Noticed a rust devil
  6034 | D:7      | Killed an orc sorcerer
  6035 | D:7      | Reached skill level 5 in Throwing
  6035 | D:7      | Reached skill level 7 in Invocations
  6045 | D:7      | Identified the +2 cloak "Cyic" {Stlth+}
  6514 | D:8      | Reached **** piety under Lugonu
  6552 | D:8      | Noticed a troll
  6565 | D:8      | Killed a troll
  6566 | D:8      | Reached skill level 5 in Evocations
  6632 | D:8      | Reached skill level 5 in Short Blades
  6684 | D:8      | Reached XP level 10. HP: 73/73 MP: 15/15
  6696 | D:8      | Reached skill level 5 in Stealth
  6947 | D:8      | Found a staircase to the Lair.
  7078 | D:8      | Reached skill level 8 in Invocations
  7480 | D:9      | Noticed a two-headed ogre
  7502 | D:9      | Killed a two-headed ogre
  7638 | D:9      | Found a snail-covered altar of Cheibriados.
  7672 | D:9      | Noticed a two-headed ogre
  7688 | D:9      | Killed a two-headed ogre
  7689 | D:9      | Reached skill level 5 in Fighting
  8171 | D:10     | Entered Level 10 of the Dungeon
  8260 | D:10     | Found a hide-covered altar of Uskayaw.
  8314 | D:10     | Reached ***** piety under Lugonu
  8341 | D:10     | Noticed a two-headed ogre
  8347 | D:10     | Killed a two-headed ogre
  8348 | D:10     | Gained mutation: You have claws for hands. [demonic
                  | ancestry]
  8348 | D:10     | Reached XP level 11. HP: 79/79 MP: 17/17
  8369 | D:10     | Reached skill level 9 in Invocations
  8520 | D:10     | Noticed a two-headed ogre
  8764 | D:10     | Killed a two-headed ogre
  8793 | D:10     | Gained mutation: You sometimes lose the ability to read
                  | scrolls when taking damage. [a neqoxec]
  9368 | D:11     | Noticed a phantasmal warrior
  9390 | D:11     | Killed a phantasmal warrior
  9397 | D:11     | Noticed Erolcha
  9399 | D:11     | Noticed a death knight
  9525 | D:11     | Killed a death knight
  9566 | D:11     | Found a staircase to the Orcish Mines.
  9583 | D:11     | Killed Erolcha
  9613 | D:11     | Noticed a boulder beetle
  9620 | D:11     | Killed a boulder beetle
  9621 | D:11     | Reached skill level 10 in Invocations
  9824 | D:11     | Gained mutation: You are mostly covered in molten scales.
                  | (AC +3) [demonic ancestry]
  9824 | D:11     | Reached XP level 12. HP: 87/87 MP: 19/19
  9867 | D:11     | Noticed Grum
  9899 | D:11     | Killed Grum
 10073 | D:11     | Identified the +0 chain mail of Resonant Joy {Rampage rCorr
                  | Str+4 Dex+4}
 10145 | D:11     | Found a runed translucent door.
 10146 | D:11     | Noticed a catoblepas
 10157 | D:11     | Noticed a two-headed ogre
 10158 | D:11     | Noticed a deep elf annihilator
 10230 | D:11     | Noticed a four-headed hydra
 10245 | D:11     | Killed a four-headed hydra
 10309 | D:11     | Noticed a two-headed ogre
 10315 | D:11     | Killed a two-headed ogre
 10589 | Lair:1   | Entered Level 1 of the Lair of Beasts
 11369 | Lair:1   | Reached skill level 11 in Invocations
 11614 | Lair:1   | Reached skill level 5 in Dodging
 11987 | Lair:2   | Identified the +3 hunting sling of Tyabucs {flame, rN++}
 12039 | Lair:2   | Reached ****** piety under Lugonu
 12095 | Lair:2   | Found a hazy altar of Hepliaklqana.
 12304 | Lair:2   | Reached XP level 13. HP: 95/95 MP: 21/21
 12316 | Lair:2   | Found a hole to the Spider Nest.
 12983 | Lair:2   | Identified the +11 dagger of Xehum {flame, Will+}
 13634 | Lair:3   | Found a staircase to the Shoals.
 13680 | Lair:3   | Reached skill level 10 in Stealth
 14089 | Lair:3   | Reached skill level 12 in Invocations
 14293 | Lair:4   | Noticed Nergalle
 14451 | Lair:4   | Identified the ring of the Komtur {Fire +Blink rN+ Str-2}
 14520 | Lair:4   | Killed Nergalle
 14521 | Lair:4   | Reached skill level 10 in Throwing
 14952 | Lair:4   | Identified the +2 leather armour of True Grit {Harm rF-
                  | Int+8}
 15795 | Lair:6   | Entered Level 6 of the Lair of Beasts
 15949 | Lair:5   | Reached XP level 14. HP: 49/103 MP: 23/23
 16117 | Lair:5   | Found a staircase to the Slime Pits.
 16994 | Lair:6   | Reached skill level 10 in Evocations
 17148 | Lair:6   | Noticed Kirke
 17171 | Lair:6   | Killed Kirke
 17335 | Lair:6   | Reached skill level 13 in Invocations
 19883 | D:13     | Noticed a fire giant
 19918 | D:13     | Killed a fire giant
 20193 | D:13     | Gained mutation: You are robust. (+10% HP) [demonic
                  | ancestry]
 20193 | D:13     | Reached XP level 15. HP: 106/122 MP: 25/25
 20959 | D:14     | Noticed Frances
 20982 | D:14     | Killed Frances
 21671 | D:14     | Found an iron altar of Okawaru.
 22041 | D:14     | Found a sparkling altar of Nemelex Xobeh.
 22106 | D:14     | Reached skill level 14 in Invocations
 22139 | D:14     | Found a gate to the Vaults.
 22550 | Abyss:1  | Noticed an Executioner
 22659 | Abyss:2  | Found a corrupted altar of Lugonu.
 22706 | Abyss:2  | Noticed a dread lich
 22707 | D:14     | Escaped the Abyss
 22860 | D:14     | Identified the +2 leather armour "Amiva" {Dex+2}
 23252 | D:11     | Identified the ring "Xoawoc" {+Blink rPois}
 23295 | Orc:1    | Entered Level 1 of the Orcish Mines
 23295 | Orc:1    | Found Kuirupp's Distillery.
 23375 | Orc:1    | Found Issix's Antique Weapon Emporium.
 23387 | Orc:1    | Found Qoschigo's Jewellery Emporium.
 23846 | Orc:2    | Entered Level 2 of the Orcish Mines
 23956 | Orc:2    | Found a staircase to the Elven Halls.
 24063 | Orc:2    | Noticed an orc warlord
 24338 | Orc:2    | Escaped the Abyss
 24599 | Orc:1    | Killed an orc warlord
 24962 | Orc:2    | Found Veurr's Antique Armour Boutique.
 24963 | Orc:2    | Found Wuxiamol's Antique Weapon Boutique.
 24965 | Orc:2    | Found Rolu's General Store.
 24965 | Orc:2    | Found Koveebbisarch's Book Shop.
 25229 | Orc:2    | Found Ocem's Antique Armour Shop.
 25798 | Spider:1 | Entered Level 1 of the Spider Nest
 26563 | Spider:1 | Gained mutation: A meltable icy envelope protects you from
                  | harm. (AC +8) [demonic ancestry]
 26563 | Spider:1 | Reached XP level 16. HP: 132/132 MP: 26/26
 27160 | Spider:2 | Acquired the +0 chain mail "Ruqameso" {Dex+2 Stlth+}
 28435 | Spider:3 | Noticed Arachne
 28464 | Spider:3 | Killed Arachne
 28524 | Spider:3 | Identified the +5 great sword "Rout" {elec, +Blink}
 28660 | Spider:3 | Noticed Bai Suzhen
 28807 | Spider:3 | Escaped the Abyss
 28970 | Spider:3 | Killed Bai Suzhen
 30156 | Spider:4 | Entered Level 4 of the Spider Nest
 30194 | Spider:4 | Reached skill level 5 in Armour
 30645 | Abyss:1  | Acquired the +7 gold dragon scales of the Battered Lies
                  | {rPois rF+ rC+ rN+++ Str+5 Int-3 Dex-4}
 30657 | Spider:4 | Escaped the Abyss
 30669 | Spider:4 | Reached skill level 15 in Invocations
 32193 | Spider:4 | Reached skill level 10 in Fighting
 32213 | Spider:4 | Reached XP level 17. HP: 124/140 MP: 1/28
 33367 | Spider:4 | Got a gossamer rune of Zot
 33731 | Shoals:1 | Entered Level 1 of the Shoals
 33874 | Shoals:1 | Identified the +0 ring mail of Odghysus {Str+6}
 33890 | Shoals:1 | Found an iron altar of Okawaru.
 34524 | Shoals:1 | Noticed Nikola
 34551 | Shoals:1 | Killed Nikola
 35288 | Shoals:2 | Reached skill level 10 in Short Blades
 35494 | Shoals:2 | Escaped the Abyss
 35577 | Shoals:2 | Noticed Polyphemus
 35929 | Shoals:2 | Found Hyidothae's Specific Store.
 35968 | Shoals:2 | Found Ygycon's General Store.
 36413 | Shoals:1 | Killed Polyphemus
 37571 | Shoals:3 | Found a runed translucent door.
 37580 | Shoals:3 | Noticed Heh's ghost (adept DsGl)
 37656 | Shoals:3 | HP: 2/141 [manticore/volley of spikes[Heh's ghost] (15)]
 37657 | Shoals:3 | Killed from afar by a water nymph

Illustrated notes

Levels and vault maps discovered:
D:1:      eino_arrival_cavern_e, layout_basic
D:2:      layout_loops_cross, basic_ecumenical_altar,
          chequers_serial_rivers_marsh
D:3:      layout_loops_ring, uniq_natasha, uniq_robin
D:4:      layout_rooms, mainiacjoe_overflow_alcove_1, lemuel_temple_firewalk_a
D:5:      layout_layer_cave, serial_shops, kennysheep_little_box
D:6:      layout_rooms, mainiacjoe_overflow_six_doors_small, uniq_duvessa,
          uniq_blork_the_orc, uniq_grinder
D:7:      cheibrodos_wizards_tower, layout_basic
D:8:      layout_basic, lair_entry_dummy
D:9:      layout_loops_ring, mainiacjoe_overflow_paths, minmay_crystal_water
D:10:     layout_loops_ring, general_overflow_altar, special_room
          [special_room_orc], kennysheep_another_room, grunt_ministairs_15,
          chequers_mini_garden
D:11:     layout_irregular_city, david_orc_3, minmay_st_funbox,
          minmay_quadrilaterals, uniq_erolcha, uniq_grum
D:12:     layout_stronghold
D:13:     layout_loops_ring, kennysheep_island_fort
D:14:     evilmike_iron_armoury, layout_cave_pools, erik_vaults_2,
          nemelex_lonely_heart_becter, serial_park, uniq_frances
Lair:1:   layout_long_grid
Lair:2:   layout_roguey, nicolae_spider_entry_non_spiders, basic_altar,
          lemuel_fruit_fields, minmay_lair_oklob_chamber, wad_woods_river_01
Lair:3:   layout_hall_layers, minmay_shoals_entry_centaurs, beast_lair_carwin_4
Lair:4:   layout_gridlike, uniq_nergalle
Lair:5:   layout_roguey, slime_dummy, st_stairs_6
Lair:6:   grunt_lair_end_beastmaster, layout_cellular_growth,
          grunt_megastairs_2, uniq_kirke
Shoals:1: layout_shoals, lemuel_oklob_altar, uniq_nikola
Shoals:2: layout_shoals, nicolae_specific_store, uniq_polyphemus
Shoals:3: layout_shoals, ebering_ghost_reflecting_pool,
          nicolae_shop_firing_range, uniq_ilsuiw, uniq_donald
Spider:1: layout_chambers, drop_trap, hangedman_spider_tarantella_strand
Spider:2: layout_spider_delve
Spider:3: nicolae_spider_hilbert_zone_3 [nicolae_spider_hilbert_4_sides_2_open,
          nicolae_spider_hilbert_3_sides_1_open,
          nicolae_spider_hilbert_3_sides_1_open,
          nicolae_spider_hilbert_3_sides_1_open,
          nicolae_spider_hilbert_3_sides_1_open,
          nicolae_spider_hilbert_4_sides_1_open,
          nicolae_spider_hilbert_4_sides_1_open,
          nicolae_spider_hilbert_4_sides_1_open,
          nicolae_spider_hilbert_4_sides_1_open,
          nicolae_spider_hilbert_4_sides_1_open,
          nicolae_spider_hilbert_4_sides_1_open,
          nicolae_spider_hilbert_4_sides_1_open,
          nicolae_spider_hilbert_4_sides_1_open,
          nicolae_spider_hilbert_3_sides_1_open,
          nicolae_spider_hilbert_3_sides_1_open,
          nicolae_spider_hilbert_3_sides_1_open,
          nicolae_spider_hilbert_3_sides_1_open], uniq_arachne, uniq_bai_suzhen
Spider:4: grunt_spider_rune_circles
Orc:1:    layout_caves, serial_shops, shop, shop, nicolae_shop_trees
Orc:2:    st_orc_congregation, layout_caves, serial_shops, shop_fountains

Skill      XL: |  1  2  3  4  5  6  7  8  9 10 11 12 13 14 15 16 17 |
---------------+----------------------------------------------------+-----
Maces & Flails | 2 3 |  3.0
Armour         | 2 3 5 7 |  7.7
Dodging        | 1 2 3 4 5 6 7 8 9 |  9.9
Evocations     | 1 2 3 4 5 6 7 8 9 10 11 12 | 12.6
Short Blades   | 1 2 3 4 5 6 7 8 9 10 | 10.0
Invocations    | 3 4 5 6 7 8 10 11 12 13 14 15 | 15.7
Stealth        | 1 2 3 4 7 8 9 10 11 12 13 14 | 14.1
Throwing       | 1 2 3 4 5 6 7 8 10 11 12 | 12.8
Fighting       | 4 5 6 7 8 9 10 | 10.5

Action                   |  1- 3 |  4- 6 |  7- 9 | 10-12 | 13-15 | 16-18 || total
-------------------------+-------+-------+-------+-------+-------+-------++-------
Melee: Mace              |    95 |       |       |       |       |       ||    95
       Quick blade       |     9 |   132 |   266 |   941 |  2540 |  2299 ||  6187
       Dagger            |       |       |       |       |       |   153 ||   153
Throw: Stone             |    14 |    55 |    54 |     3 |       |       ||   126
       Dart              |       |    44 |    59 |   172 |   345 |   314 ||   934
       Boomerang         |       |       |     1 |    16 |   113 |    16 ||   146
       Javelin           |       |       |       |       |    25 |     9 ||    34
       Throwing net      |       |       |       |       |       |     1 ||     1
Invok: Depart the Abyss  |     1 |       |       |       |     2 |     3 ||     6
       Banish            |       |       |       |     1 |     1 |       ||     2
       Bend Space        |       |       |       |       |     3 |     2 ||     5
       Enter the Abyss   |       |       |       |       |     2 |     3 ||     5
 Abil: Evoke Blink       |       |       |       |       |     3 |     6 ||     9
Evoke: Wand              |       |       |     3 |       |     3 |       ||     6
       Box of beasts     |       |       |       |       |     4 |     4 ||     8
       Lightning rod     |       |       |       |       |     5 |     1 ||     6
       Phial of floods   |       |       |       |       |     1 |     2 ||     3
       Phantom mirror    |       |       |       |       |       |     1 ||     1
  Use: Scroll            |     7 |     4 |     7 |     4 |    14 |    15 ||    51
       Potion            |       |       |     1 |       |     6 |    12 ||    19
 Stab: Sleeping          |       |       |     7 |    28 |    37 |    21 ||    93
       Petrified         |       |       |       |       |    12 |       ||    12
       Petrifying        |       |       |       |       |     2 |       ||     2
       Distracted        |       |       |       |       |     1 |       ||     1
       Held in net/web   |       |       |       |       |       |     1 ||     1
Armor: Leather armour    |    26 |     9 |    23 |       |       |       ||    58
       Skin              |       |       |     8 |       |       |    26 ||    34
       Steam dragon scal |       |       |    17 |   114 |   390 |   310 ||   831
       Chain mail        |       |       |       |       |    65 |   107 ||   172
       Gold dragon scale |       |       |       |       |       |   689 ||   689
Dodge: Dodged            |    51 |    33 |    61 |   246 |   778 |   841 ||  2010
Block: Other             |     3 |     8 |    15 |    53 |   166 |   242 ||   487
